 Dungeon Crawl Stone Soup version 0.17-a0-121-gf94917f (webtiles) character file.

191 Pikaro the Chopper (level 5, -1/45 HPs)
             Began as a Draconian Chaos Knight on Mar 22, 2015.
             Slain by a shadow (10 damage)
             ... summoned by the capriciousness of Xom
             ... on level 3 of the Dungeon.
             The game lasted 00:05:03 (3293 turns).

Pikaro the Chopper (Draconian Chaos Knight)         Turns: 3293, Time: 00:05:05

Health: -1/45      AC:  5    Str: 15    XL:     5   Next: 41%
Magic:  5/5        EV: 13    Int: 12    God:    Xom [......]
Gold:   147        SH:  0    Dex: 11    Spells: 0 memorised, 4 levels left

rFire  . . .     SeeInvis .     a - +0 hand axe (chaos)
rCold  . . .     Clarity  .     (armour unavailable)
rNeg   . . .     SustAb   .     (no shield)
rPois  .         Gourm    .     (helmet restricted)
rElec  .         Spirit   .     (no cloak)
rCorr  .         Warding  .     (no gloves)
rMut   .         Stasis   .     (no boots)
MR     .....                    (no amulet)
Stlth  +.........               (no ring)
                                k - +1 ring of evasion

@: not resistant to hostile enchantments, very unstealthy
A: unfitting armour, deterioration 1, cold-blooded, MP-powered wands 1, AC +5
a: Renounce Religion


You were on level 3 of the Dungeon.
You worshipped Xom.
You were a very special plaything of Xom.
You were not hungry.

You visited 1 branch of the dungeon, and saw 3 of its levels.

You collected 147 gold pieces.

Inventory:

Hand weapons
 a - a +0 hand axe of chaos (weapon)
Jewellery
 k - a +1 ring of evasion (left hand)
   (You found it on level 2 of the Dungeon)
Scrolls
 b - a scroll of noise {unknown}
 d - a scroll of fear
 f - 3 scrolls of remove curse
 i - a scroll of enchant weapon {unknown}
 j - a scroll of identify {unknown}
 n - a scroll of immolation {unknown}
 o - a scroll of amnesia {unknown}
Potions
 e - 2 potions of poison {unknown}
 h - a potion of flight {unknown}
 p - a potion of brilliance {unknown}
 q - a potion of cure mutation {unknown}
 s - a potion of magic {unknown}
Comestibles
 c - 2 bread rations
 g - 2 beef jerkies
 l - 2 meat rations


   Skills:
 - Level 3.2 Fighting
 + Level 6.2 Axes
 - Level 2.1 Dodging


You had 4 spell levels left.
You didn't know any spells.

Dungeon Overview and Level Annotations

Branches:
Dungeon (3/15)

Altars:
Cheibriados
Vehumet


Innate Abilities, Weirdness & Mutations

Your plain brown scales are hard (AC +5).
Your body does not fit into most forms of armour.
Your cold-blooded metabolism reacts poorly to cold.
Your body is slowly deteriorating.
You expend magic power (3 MP) to slightly strengthen your wands.


Message History

Your sixfirhy shocks the phantom!
The phantom is destroyed!
You have reached level 5!
You regained 3 hp, and now have 23/45 hp.
MP restored: 5 No target in view!
s - a murky amethyst potion You start resting.
Your crimson imp blinks! x2
Your crimson imp disappears in a puff of smoke!
Your quasit disappears in a puff of smoke!
Your sixfirhy disappears in a puff of smoke!
You hear Xom's avuncular chuckle.
Your crimson imp evaporates and reforms as a quasit!
You regained 3 hp, and now have 26/45 hp.
You start resting.
Your quasit disappears in a puff of smoke!
An adder comes into view.
You regained 11 hp, and now have 37/45 hp.
Total turns waited: 89 The adder closely misses you.
You miss the adder.
Your tail-slap misses the adder.
The adder barely misses you.
You slash the adder!
You kill the adder!
Your Axes skill increases to level 6!
You start resting.
All of the chunks of flesh in your inventory have rotted away.
Health restored: 45; Total turns waited: 46 A goblin comes into view.
It is wielding a spear of flaming.
The goblin shouts!
The goblin closely misses you. The goblin closely misses you.
A worker ant comes into view.
The worker ant twitches its antennae in your direction.
You hit the goblin! You freeze the goblin.
You kill the goblin!
The worker ant bites you!
You are poisoned.
The worker ant poisons you!
You take 7 damage, and have 38/45 hp.
You barely miss the worker ant.
You feel sick. The worker ant bites you.
You take 6 damage, and have 32/45 hp.
You barely miss the worker ant. The worker ant bites you.
The worker ant bites you.
You take 8 damage, and have 24/45 hp.
You hit the worker ant.
The worker ant seems to slow down.
You feel sick.
You take 1 damage, and have 23/45 hp.
You hit the worker ant.
The worker ant seems to slow down.
Your tail-slap misses the worker ant.
The worker ant bites you.
You are more poisoned.
The worker ant poisons you!
You take 4 damage, and have 19/45 hp.
You hit the worker ant but do no damage.
You feel sick. The worker ant barely misses you.
You take 1 damage, and have 18/45 hp.
You completely miss the worker ant.
You feel sick. The worker ant misses you.
You take 1 damage, and have 17/45 hp.
You barely miss the worker ant.
You feel sick. The worker ant closely misses you.
You closely miss the worker ant.
You hit the worker ant but do no damage.
You tail-slap the worker ant, but do no damage.
You feel sick. The worker ant misses you.
You take 1 damage, and have 16/45 hp.
You closely miss the worker ant.
You feel sick. The worker ant barely misses you.
You take 1 damage, and have 15/45 hp.
You hit the worker ant.
You feel sick. The worker ant bites you.
* * * LOW HITPOINT WARNING * * *
You take 6 damage, and have 9/45 hp.
You hit the worker ant but do no damage.
The worker ant bites you.
* * * LOW HITPOINT WARNING * * *
You take 4 damage, and have 5/45 hp.
Drink which item? (? for menu, Esc to quit)
You feel better.
You regained 7 hp, and now have 12/45 hp.
You hit the worker ant but do no damage.
Your tail-slap misses the worker ant.
The worker ant is no longer moving slowly.
The worker ant bites you!
* * * LOW HITPOINT WARNING * * *
You take 7 damage, and have 5/45 hp.
You closely miss the worker ant. The worker ant misses you.
You hit the worker ant. You burn the worker ant.
You kill the worker ant!
You start resting.
Xom notices you. Flickering shadows surround you.
You regained 3 hp, and now have 8/45 hp.
Total turns waited: 21 The shadow slips into darkness.
The shadow flickers and vanishes!
Deactivating autopickup; reactivate with Ctrl-A.
The shadow slips into darkness.
The shadow flickers and vanishes!
The shadow strikes at you from the darkness!
You die... "Huh?
Did I miss anything?"

... #.# #..## #.# # #...# #.#
#%#.#)# #.#########
#####.#.#.#####.# #.#.......#
................# #.#.......#
#####.#.##.########.#.......#
#.#.##..........#.......#####
.............@..........>'....
#.#.###.####.####.......#####
..#.# #.. #.# ######### .. ...
#..# #.# ### #.. #.<. #.# #..
#.#.##.# #.. #.#.##.# #.# #.#
. #.#


There were no monsters in sight!

Vanquished Creatures
  A worker ant (D:3)
  4 adders
  A worm (D:2)
  2 oozes
  An orc (D:3)
  2 ball pythons
  7 bats
  10 goblins
  8 hobgoblins
  7 kobolds
  4 giant cockroaches
  3 giant newts
  9 rats
59 creatures vanquished.

Vanquished Creatures (collateral kills)
  A phantom (D:3)
1 creature vanquished.

Grand Total: 60 creatures vanquished

Notes
Turn   | Place    | Note
--------------------------------------------------------------
     0 | D:1      | Pikaro, the Draconian Chaos Knight, began the quest for the Orb.
     0 | D:1      | Reached XP level 1. HP: 19/19 MP: 1/1
   413 | D:1      | Reached XP level 2. HP: 23/26 MP: 2/2
   644 | D:1      | XOM: noise
   941 | D:1      | Reached skill level 4 in Axes
  1053 | D:1      | XOM: harmless Necr miscast
  1125 | D:1      | Reached XP level 3. HP: 31/31 MP: 3/3
  1183 | D:1      | XOM: harmless Summ miscast
  1397 | D:2      | XOM: severe Air miscast
  1401 | D:2      | HP: 4/31 [twister/tornado[the severe capriciousness of Xom] (8)]
  1617 | D:2      | XOM: blink monster(s)
  1782 | D:2      | XOM: chaos cloud
  1885 | D:2      | Reached XP level 4. HP: 38/38 MP: 4/4
  1898 | D:2      | XOM: mild Conj miscast
  2160 | D:2      | Reached skill level 5 in Axes
  2260 | D:2      | Found a radiant altar of Vehumet.
  2261 | D:2      | Found a snail-covered altar of Cheibriados.
  2442 | D:3      | XOM: noise
  2492 | D:3      | XOM: give mutations
  2492 | D:3      | Gained mutation: You are dopey. (Int -2) [Xom's mischief]
  2492 | D:3      | Lost mutation: You are dopey. (Int -2) [Xom's mischief]
  2492 | D:3      | Gained mutation: Your body is slowly deteriorating. [Xom's mischief]
  2492 | D:3      | Gained mutation: You expend magic power (3 MP) to slightly strengthen your wands. [Xom's mischief]
  2906 | D:3      | XOM: mild Pois miscast
  3025 | D:3      | XOM: colour smoke trail
  3076 | D:3      | Noticed a phantom
  3085 | D:3      | XOM: summons 4 friendly demons
  3088 | D:3      | Killed a phantom
  3088 | D:3      | Reached XP level 5. HP: 23/45 MP: 5/5
  3109 | D:3      | XOM: polymorph crimson imp -> quasit
  3185 | D:3      | Reached skill level 6 in Axes
  3258 | D:3      | HP: 9/45 [worker ant (5)]
  3284 | D:3      | XOM: medium Necr miscast
  3285 | D:3      | Noticed a shadow
  3285 | D:3      | Noticed a shadow
  3293 | D:3      | Slain by a shadow

Action                   |  1- 3 |  4- 6 || total
-------------------------+-------+-------++-------
Melee: Hand axe          |   113 |    59 ||   172
  Use: Potion            |     2 |     1 ||     3
       Scroll            |       |     2 ||     2
 Stab: Confused          |     1 |     1 ||     2
  Eat: Chunk             |     3 |     1 ||     4
       Bread ration      |       |     1 ||     1

Vault maps used:
D:1:      onia_arrival_pentagram
D:2:      gammafunk_temple_overflow_pools, first_bread
D:3:      lemuel_crystal_altar, moated_statue

Table legend:
 A = Turns spent in this place as a percentage of turns spent in the entire game.
 B = Non-inter-level travel turns spent in this place as a percentage of non-inter-level travel turns spent in the entire game.
 C = Inter-level travel turns spent in this place as a percentage of turns spent in this place.
 D = Turns resting spent in this place as a percentage of non-inter-level travel turns spent in this place.
 E = Turns spent auto-exploring this place as a percentage of non-inter-level travel turns spent in this place.
 F = Non-inter-level travel turns spent in this place divided by the number of levels of this place that you've seen.
                   A       B       C       D       E      F
               +-------+-------+-------+-------+-------+----------------------
         Total | 100.0 | 100.0 |   0.5 |   9.6 |  13.3 | 215.7
       Dungeon | 100.0 | 100.0 |   0.5 |   9.6 |  13.3 | 215.7
               +-------+-------+-------+-------+-------+----------------------

Table legend:
 A = Kills in this place as a percentage of kills in entire the game.
 B = Kills by you in this place as a percentage of kills by you in the entire game.
 C = Kills by friends in this place as a percentage of kills by friends in the entire game.
 D = Other kills in this place as a percentage of other kills in the entire game.
 E = Experience gained in this place as a percentage of experience gained in the entire game.
 F = Experience gained in this place divided by the number of levels of this place that you have seen.
                   A       B       C       D       E      F
               +-------+-------+-------+-------+-------+----------------------
         Total | 100.0 | 100.0 | 100.0 |  -nan | 100.0 |  91.0
       Dungeon | 100.0 | 100.0 | 100.0 |  -nan | 100.0 |  91.0
               +-------+-------+-------+-------+-------+----------------------
